Map: Lerilak Crest

Players

rustproof

  • Race: Terran Terran
  • League: Diamond

LindyHop - Winner!

  • Race: Zerg Zerg
  • League: Platinum

VOD

Have the link to the VOD?

Description

Time

  • Played on: Jan. 18, 2016, 4:13 p.m.
  • Length: 27:30
Show
View Real Time Build Order
Export as new Build Order

rustproof Terran 

Build Orders: Hellion Banshee, Mech 

Get SALT Encoding   

  12  0:01  SCV  
  13  0:13  SCV  
  14  0:20  Supply Depot  
  14  0:25  SCV  
  15  0:34  Refinery  
  15  0:42  SCV  
  16  0:47  Barracks  
  16  0:52  Refinery  
  16  0:54  SCV  
  17  1:07  SCV  
  18  1:19  SCV  
  19  1:36  Orbital Command  
  19  1:38  Reaper  
  20  1:50  Supply Depot  
  20  2:02  SCV  
  20  2:03  Factory  
  21  2:14  Barracks Reactor  
  21  2:32  SCV  
  22  2:37  Command Center  
  22  2:44  SCV  
  23  2:59  Hellion x2  
  23  3:03  SCV  
  28  3:09  Barracks Tech Lab, Starport  
  28  3:21  Hellion  
  28  3:24  SCV  
  31  3:30  Supply Depot  
  31  3:49  SCV, Hellion x2  
  31  3:50  Orbital Command  
  36  3:57  Banshee  
  36  4:01  Cloaking Field  
  39  4:15  Orbital Command  
  39  4:18  Hellion x2  
  43  4:26  Marine  
  44  4:36  Bunker  
  44  4:40  Banshee, Hellion  
  49  5:02  Hellion x2  
  53  5:07  Barracks Reactor, Factory  
  53  5:10  Factory  
  53  6:39  Factory  
  53  6:51  Barracks Reactor, SCV  
  54  6:59  Starport Reactor  
  54  7:06  Supply Depot  
  54  7:09  Supply Depot  
  54  7:13  SCV  
  54  7:17  SCV  
  53  7:23  Hellion  
  53  7:28  Hellion  
  52  7:37  Siege Tank  
  54  7:49  Factory Tech Lab  
  54  7:53  Armory  
  54  7:54  Armory  
  54  7:55  Liberator x2  
  54  7:58  Supply Depot x2  
  54  8:05  Starport  
  54  8:09  Engineering Bay  
  54  8:11  Barracks Tech Lab  
  54  8:13  Command Center, Hellion, Refinery  
  54  8:14  Refinery  
  54  8:17  SCV x2, Hellion x3  
  54  8:19  Siege Tank  
  73  8:25  Supply Depot  
  73  8:35  Hellion  
  73  8:37  Siege Tank  
  73  8:38  Hellion  
  73  8:40  Liberator  
  80  8:43  Terran Vehicle Weapons Level 1  
  80  8:45  SCV x2  
  82  8:56  Hellion x2  
  82  8:57  SCV  
  90  9:07  Supply Depot, Liberator  
  90  9:14  SCV x2  
  90  9:16  Supply Depot  
  92  9:18  Supply Depot  
  92  9:24  Siege Tank  
  98  9:32  Hellion  
  98  9:33  Hellion x2  
  95  9:52  Liberator x2  
  86  9:56  Siege Tank  
  83  10:20  SCV x2  
  83  10:43  Supply Depot  
  83  10:44  Terran Vehicle And Ship Armor Level 1  
  83  10:47  SCV  
  83  10:48  SCV  
  83  10:49  Missile Turret  
  85  11:01  Hellion  
  85  11:02  Hellion  
  85  11:03  SCV x2  
  91  11:10  Orbital Command  
  91  11:23  Hellion x2  
  95  11:39  Liberator x2  
  93  11:55  Orbital Command  
  93  11:56  Hellion x3, Siege Tank  
  108  12:09  Supply Depot  
  108  12:10  Missile Turret  
  108  12:14  SCV, Liberator  
  109  12:27  Supply Depot  
  109  12:31  SCV  
  109  12:35  SCV x2  
  115  12:42  Liberator  
  115  12:57  Liberator  
  115  12:58  Hellion x3  
  121  13:00  SCV  
  125  13:07  Missile Turret  
  125  13:14  Supply Depot, SCV  
  125  13:15  Missile Turret  
  125  13:16  SCV  
  125  13:23  SCV  
  114  13:28  SCV, Orbital Command  
  114  13:33  Liberator  
  93  13:34  Liberator  
  93  13:47  Hellion x4, Siege Tank  
  93  13:48  SCV x2  
  112  14:00  SCV x2  
  114  14:04  SCV  
  115  14:12  SCV x2  
  115  14:13  Liberator  
  115  14:16  SCV  
  118  14:21  Supply Depot  
  118  14:22  Hellion x2  
  118  14:23  Supply Depot  
  125  14:33  SCV x3  
  128  14:45  SCV x3  
  130  14:47  Hellion x3  
  137  15:02  Liberator  
  137  15:04  Liberator  
  137  15:10  Hellion x4  
  137  15:19  Hellion x4  
  148  15:23  Refinery  
  148  15:27  Missile Turret  
  148  15:28  Missile Turret  
  148  15:30  Missile Turret  
  148  15:31  Missile Turret x2  
  148  15:36  Missile Turret  
  148  15:37  Missile Turret  
  148  15:49  Supply Depot  
  148  15:50  Supply Depot  
  148  15:51  Supply Depot  
  148  15:53  Supply Depot, Liberator  
  148  15:54  Liberator  
  148  15:57  Refinery  
  148  16:02  Terran Vehicle Weapons Level 2, Liberator  
  148  16:03  Terran Vehicle And Ship Armor Level 2  
  148  16:10  Hellion x3  
  122  16:19  Hellion x2  
  122  16:24  Fusion Core  
  123  16:32  Missile Turret  
  123  16:33  Missile Turret  
  123  16:35  Missile Turret  
  123  16:36  Liberator  
  123  16:45  Factory  
  126  17:04  Liberator x2  
  116  17:20  Hellion x4, Siege Tank  
  125  17:29  Command Center  
  125  17:31  Liberator  
  125  17:33  Supply Depot x2  
  125  17:41  Siege Tank  
  128  17:44  Factory Tech Lab  
  128  17:46  Hellion  
  128  17:47  Hellion  
  128  17:48  Supply Depot  
  132  18:05  Hellion x3, Siege Tank  
  141  18:16  Hellion x2  
  145  18:24  Sensor Tower  
  145  18:36  Supply Depot  
  145  18:39  Advanced Ballistics  
  145  18:51  Siege Tank  
  145  18:52  Hellion x3, Liberator  
  145  18:53  Hellion x2, Starport  
  157  19:04  Starport  
  157  19:08  Siege Tank  
  163  19:14  Siege Tank  
  166  19:32  Planetary Fortress  
  166  19:38  Sensor Tower  
  166  19:48  Liberator x2  
  166  20:04  SCV x2  
  174  20:07  Hellion x3  
  174  20:08  Hellion x4  
  184  20:28  Hellion  
  164  20:51  Hellion x4  
  166  21:21  Orbital Command  
  166  21:26  Missile Turret x2  
  166  21:28  Missile Turret  
  166  21:30  Missile Turret  
  166  22:00  Missile Turret  
  166  22:03  Missile Turret  
  166  22:14  Hellion x3, Refinery  
  166  22:15  Command Center, Refinery  
  172  22:27  Missile Turret  
  172  22:40  Missile Turret  
  172  22:54  Liberator  
  172  23:10  Hellion x9  
  175  23:28  Liberator  
  175  23:35  Hellion x3, Siege Tank  
  175  23:36  Hellion, Siege Tank x2  
  192  23:46  Starport Tech Lab x2  
  193  24:13  Planetary Fortress  
  193  24:24  Missile Turret  
  193  24:28  Missile Turret  
  193  24:46  Missile Turret  
  193  24:50  Missile Turret  
  193  24:54  Command Center  
  149  25:09  Liberator x4  
  81  25:25  Hellion x3, Siege Tank x3  
  81  25:27  Banshee  
  111  25:35  Hellion  
  113  25:55  Hellion  
  113  25:56  Hellion  
  117  25:57  Siege Tank x2  
  123  26:06  Hellion x2  
  123  26:09  Banshee x2  
  123  26:10  Banshee, Liberator x2  
  136  26:31  Hellion, Siege Tank  
  137  27:15  Missile Turret  
Show
View Real Time Build Order
Export as new Build Order

LindyHop Zerg - Winner!

Build Orders: Hatch First 

Get SALT Encoding   

  12  0:01  Drone  
  13  0:12  Overlord  
  13  0:19  Drone  
  14  0:30  Drone x2  
  14  0:34  Drone  
  17  0:55  Hatchery  
  16  0:59  Drone  
  17  1:12  Spawning Pool  
  17  1:15  Drone  
  17  1:20  Extractor  
  17  1:21  Drone  
  17  1:24  Drone  
  18  1:28  Drone  
  19  1:41  Overlord  
  19  1:52  Drone  
  20  1:58  Queen  
  22  2:07  Queen  
  24  2:09  Zergling x4  
  24  2:14  Drone  
  27  2:17  Drone  
  28  2:23  Drone  
  29  2:31  Drone  
  30  2:42  Metabolic Boost  
  30  2:46  Queen  
  30  2:47  Evolution Chamber  
  30  2:48  Drone  
  30  2:49  Drone  
  33  2:59  Drone x3  
  36  3:06  Baneling Nest  
  35  3:22  Drone  
  35  3:24  Overlord x2  
  36  3:27  Zerg Melee Weapons Level 1  
  36  3:43  Drone x6  
  42  3:49  Extractor  
  41  3:59  Drone x4  
  41  4:00  Drone  
  41  4:02  Overlord  
  46  4:11  Spine Crawler x2  
  46  4:12  Spine Crawler  
  46  4:15  Roach Warren  
  42  4:27  Drone x2  
  42  4:28  Drone  
  42  4:31  Spine Crawler  
  43  4:55  Roach x8  
  43  4:57  Overlord x2  
  59  5:17  Lair, Extractor  
  59  5:18  Extractor  
  54  5:31  Spore Crawler  
  54  5:34  Spore Crawler  
  48  5:45  Drone x10  
  52  6:09  Drone x5  
  54  6:19  Drone x2  
  52  6:27  Queen  
  53  6:38  Drone  
  53  6:39  Drone x2  
  56  6:44  Drone x4  
  56  6:45  Spire  
  59  6:49  Zerg Missile Weapons Level 1  
  59  6:50  Drone  
  60  7:05  Zergling x2  
  60  7:06  Zergling x4  
  63  7:13  Zergling x2  
  63  7:14  Zergling x4  
  66  7:22  Overseer  
  66  7:27  Overseer  
  58  7:35  Drone x4  
  58  7:36  Drone  
  62  7:52  Zergling x6  
  65  8:01  Zergling x10  
  65  8:03  Mutalisk  
  72  8:13  Mutalisk  
  72  8:14  Mutalisk  
  72  8:17  Zerg Flyer Weapons Level 1  
  76  8:23  Overlord  
  76  8:30  Overlord  
  76  8:40  Overlord  
  75  8:42  Hatchery  
  75  8:44  Mutalisk x3  
  75  8:46  Mutalisk  
  75  8:48  Mutalisk x2  
  82  8:55  Mutalisk  
  88  9:04  Mutalisk  
  90  9:11  Hatchery  
  89  9:18  Mutalisk  
  89  9:23  Zergling x6  
  94  9:26  Drone x5  
  96  9:43  Mutalisk x2  
  88  9:46  Zergling x2  
  88  9:47  Zergling x2  
  88  9:50  Drone  
  75  10:04  Roach  
  75  10:05  Roach x5  
  85  10:08  Roach  
  85  10:09  Roach x2  
  87  10:15  Drone  
  88  10:22  Drone x2  
  88  10:25  Drone  
  88  10:26  Drone  
  92  10:29  Drone  
  93  10:39  Drone x3  
  96  10:43  Drone x3  
  96  10:46  Zerg Ground Armor Level 1  
  99  10:51  Drone x2  
  99  10:55  Extractor  
  99  10:56  Drone x4, Extractor  
  103  11:07  Zergling x2  
  103  11:08  Zergling x2  
  103  11:10  Overlord x2  
  105  11:12  Zerg Flyer Armor Level 1  
  105  11:14  Hatchery  
  105  11:15  Zergling x2  
  105  11:33  Mutalisk x4  
  112  11:55  Hatchery  
  112  11:57  Mutalisk  
  112  11:58  Mutalisk x2  
  112  11:59  Zergling x10  
  112  12:00  Overlord, Hydralisk Den  
  112  12:01  Overlord x2  
  121  12:20  Mutalisk x3  
  127  12:28  Drone x8  
  135  12:32  Hydralisk x2  
  139  12:40  Muscular Augments  
  138  12:52  Mutalisk  
  138  12:55  Roach  
  138  12:56  Roach  
  141  13:23  Zergling x12  
  141  13:24  Zergling x18  
  141  13:27  Hydralisk  
  141  13:31  Hydralisk x3, Zergling x2  
  134  13:40  Hydralisk  
  134  13:41  Hydralisk x3, Extractor x2  
  140  13:49  Centrifical Hooks  
  140  13:56  Hydralisk  
  140  13:57  Hydralisk x3  
  140  14:00  Baneling  
  140  14:01  Baneling x7  
  148  14:03  Hydralisk  
  148  14:09  Drone x2  
  152  14:10  Overlord x4  
  152  14:18  Overlord  
  152  14:19  Overlord x2, Overseer  
  152  14:20  Overseer  
  152  14:22  Zerg Flyer Armor Level 2  
  152  14:30  Hydralisk  
  152  14:31  Evolution Chamber, Hydralisk x2  
  157  14:45  Drone x10  
  167  15:17  Hydralisk  
  167  15:18  Hydralisk x10  
  189  15:27  Zerg Missile Weapons Level 2  
  189  15:28  Zerg Ground Armor Level 2  
  189  15:42  Infestation Pit  
  188  16:03  Hatchery  
  179  16:12  Hydralisk x9  
  179  16:13  Hydralisk x3  
  179  16:14  Zergling x2  
  194  16:57  Hive  
  194  16:58  Zerg Flyer Weapons Level 2  
  194  17:06  Mutalisk  
  194  17:18  Drone x3  
  196  17:46  Zerg Melee Weapons Level 2  
  196  17:50  Extractor  
  195  17:51  Extractor  
  181  18:00  Roach x10  
  199  18:11  Overlord x2  
  199  18:21  Spore Crawler  
  199  18:22  Spore Crawler  
  199  18:24  Spore Crawler  
  199  18:25  Drone x4, Spine Crawler  
  199  18:27  Spine Crawler  
  197  18:56  Corruptor  
  197  19:02  Corruptor  
  194  19:05  Corruptor x4  
  194  19:06  Corruptor x3  
  198  19:20  Zerg Missile Weapons Level 3  
  198  19:22  Lurker Den  
  198  19:35  Zergling x2  
  199  19:50  Hatchery  
  198  19:56  Zergling x2  
  198  19:57  Zergling x4  
  198  19:59  Zergling x4  
  197  20:02  Zerg Ground Armor Level 3  
  195  20:13  Corruptor x2  
  199  20:40  Ultralisk Cavern  
  181  21:05  Drone  
  181  21:06  Drone x2  
  181  21:10  Adrenal Glands  
  184  21:18  Overlord x3  
  184  21:33  Roach x7  
  198  21:53  Chitinous Plating  
  198  21:59  Overseer x2  
  198  22:03  Zerg Flyer Armor Level 3  
  186  22:25  Ultralisk x2  
  195  22:44  Ultralisk  
  194  23:12  Ravager x4  
  193  23:16  Ultralisk x2  
  195  23:20  Ultralisk  
  195  23:23  Ultralisk  
  195  23:26  Ultralisk  
  198  23:39  Spine Crawler x2  
  198  23:41  Spine Crawler x5  
  195  23:42  Spine Crawler  
  195  23:43  Spine Crawler x2  
  195  23:44  Ultralisk, Spine Crawler  
  195  23:45  Ultralisk  
  210  25:05  Corruptor x5  
  210  25:06  Ultralisk  
  194  25:07  Ultralisk, Corruptor x2, Extractor x2  
  194  25:08  Corruptor x6  
  194  25:09  Corruptor  
  194  25:10  Corruptor x3  
  194  25:11  Hydralisk x6  
  176  25:17  Corruptor x2  
  152  25:23  Corruptor  
  146  25:31  Corruptor  
  148  25:43  Ultralisk  
  148  25:49  Greater Spire  
  154  25:50  Ultralisk  
  160  26:16  Zergling x10  
  165  26:37  Hatchery  
Tags
 
Add a new tag
Caveats
  • Supply blocks, unpowered buildings, or Contaminate may cause inaccurate times.
  • Supply counts are checked every 10 seconds.